 Dungeon Crawl Stone Soup version 0.24.0-123-gd5b16e6ec5 (webtiles) character file.

Game seed: 12579281900120270662, levelgen mode: deterministic

45 FishyPogo the Firebug (level 3, -8/19 HPs)
             Began as a Tengu Fire Elementalist on Dec 19, 2019.
             Mangled by Crazy Yiuf
             ... wielding a +3 quarterstaff of chaos
              (12 damage)
             ... on level 2 of the Dungeon.
             The game lasted 00:05:06 (1684 turns).

FishyPogo the Firebug (Tengu Fire Elementalist)     Turns: 1684, Time: 00:05:06

Health: -8/19      AC:  3    Str:  9    XL:     3   Next: 64%
Magic:  0/7        EV: 12    Int: 15    God:
Gold:   92         SH:  0    Dex: 14    Spells: 0/6 levels left

rFire    . . .     SeeInvis .   (no weapon)
rCold    . . .     Gourm    .   (no shield)
rNeg     . . .     Faith    .   a - +0 robe
rPois    .         Spirit   .   (helmet restricted)
rElec    .         Reflect  .   (no cloak)
rCorr    .         Harm     .   l - +0 pair of gloves (curse)
MR       .....                  (boots unavailable)
Stlth    ++........             (no amulet)
HPRegen  0.06/turn              (no ring)
MPRegen  0.10/turn              (no ring)

@: lightly drained
A: beak, talons 3
a: no special abilities


You were on level 2 of the Dungeon.
You were hungry.

You visited 1 branch of the dungeon, and saw 2 of its levels.

You collected 92 gold pieces.

Inventory:

Missiles
 b - 69 stones (quivered)
 j - an atropa-tipped dart
Armour
 a - a +0 robe (worn)
 l - a cursed +0 pair of gloves (worn)
Scrolls
 d - a scroll of immolation {unknown}
 e - 5 scrolls of identify {unknown}
 g - 2 scrolls of enchant weapon {unknown}
 h - a scroll of amnesia {unknown}
 k - a scroll of teleportation {unknown}
 m - a scroll of magic mapping {unknown}
 n - 2 scrolls of remove curse {unknown}
 o - a scroll of random uselessness {unknown}
Potions
 i - a potion of resistance {unknown}
Comestibles
 c - 8 rations


   Skills:
 + Level 0.0 Fighting
 + Level 2.5(2.1) Dodging
 - Level 2.0(1.6) Stealth
 + Level 2.3(2.0) Spellcasting
 * Level 2.0(1.7) Conjurations
 + Level 4.3(3.9) Fire Magic


You couldn't memorise any spells.
You knew the following spells:

 Your Spells              Type           Power        Failure   Level  Hunger
a - Flame Tongue          Conj/Fire      ##...        7%          1    #......
b - Throw Flame           Conj/Fire      ##....       11%         2    ###....
j - Conjure Flame         Conj/Fire      ##......     21%         3    ###....

Your spell library contained the following spells:

 Spells                   Type           Power        Failure   Level  Hunger
 Inner Flame              Hex/Fire       #.......     28%         3    ###....
 Sticky Flame             Conj/Fire      ##......     56%         4    #####..
 Fireball                 Conj/Fire      ##........   88%         5    ######.


Dungeon Overview and Level Annotations

Branches:
Dungeon (2/15)

Altars:

Annotations:
D:2 Crazy Yiuf


Innate Abilities, Weirdness & Mutations

You have a beak for a mouth.
You have claws for feet.


Message History

You throw an atropa-tipped dart. The atropa-tipped dart hits Crazy Yiuf.
Crazy Yiuf resists.
Crazy Yiuf is severely wounded.
Crazy Yiuf seems less confused.
Casting: Flame Tongue (safe; 7% risk of failure)
Confirm with . or Enter, or press ? or * to list all spells.
Aiming: Flame Tongue (safe; 7% risk of failure)
Press: ? - help, Shift-Dir - straight line, f/p - Crazy Yiuf
Aim: Crazy Yiuf, wielding a +3 quarterstaff of chaos and wearing a +0 cloak (severely wounded, blind)
The flame tongue hits Crazy Yiuf.
Crazy Yiuf is almost dead.
Throwing (i - inventory. (/) - cycle)
b - 70 stones (quivered)
Press: ? - help, Shift-Dir - straight line, f/p - Crazy Yiuf
Aim: Crazy Yiuf, wielding a +3 quarterstaff of chaos and wearing a +0 cloak (almost dead, blind, hasn't noticed you)
You throw a stone. The stone barely misses Crazy Yiuf.
Crazy Yiuf is no longer blind.
Crazy Yiuf laughs, "Gnoll down mobile!"
Crazy Yiuf hits you with a +3 quarterstaff of chaos!
Ouch! That really hurt!
You die...

### #########.#
#.........#
#.#######.#
#.#.....#.#
#.#...#.#.#
###.#.#...#.#
......#.###.#######
...........>....@.#
#..##.#.#.#######g#
#..##.#.#.# #(#
...##...#.# #.#
...######.# #.#
..........# #.#
#.###############.##
.................).#
#....###############


You could see Crazy Yiuf.

Vanquished Creatures
  2 worms (D:2)
  A dart slug (D:1)
  3 leopard geckos
  3 giant cockroaches (D:1)
  2 goblins
  4 hobgoblins
  7 kobolds
  A ball python (D:1)
  6 bats
  2 frilled lizards (D:1)
  3 rats
34 creatures vanquished.

Notes
Turn   | Place    | Note
-------+----------+-------------------------------------------
     0 | D:1      | FishyPogo the Tengu Fire Elementalist began the quest for
                  | the Orb.
     0 | D:1      | Reached XP level 1. HP: 10/10 MP: 4/4
   101 | D:1      | Reached XP level 2. HP: 13/15 MP: 0/6
   233 | D:1      | Learned a level 2 spell: Throw Flame
   480 | D:1      | Reached skill level 4 in Fire Magic
   619 | D:1      | Reached XP level 3. HP: 15/19 MP: 1/7
   624 | D:1      | Learned a level 3 spell: Conjure Flame
  1572 | D:2      | Found a runed translucent door.
  1573 | D:2      | Noticed Crazy Yiuf
  1684 | D:2      | Mangled by Crazy Yiuf

Levels and vault maps discovered:
D:1:      scummos_arrival_hexagon, layout_loops_corners
D:2:      layout_basic, minmay_split_cup_small, uniq_crazy_yiuf_cottage

Skill      XL: |  1  2  3 |
---------------+----------+-----
Fire Magic     | 4 |  4.3
Conjurations   | 2 |  2.0
Dodging        | |  2.5
Stealth        | |  2.0
Spellcasting   | |  2.3

Action                   || total
-------------------------++-------
Melee: Unarmed           ||    11
       Kick              ||     3
       Peck              ||     1
Throw: Dart              ||     5
       Stone             ||     1
 Cast: Flame Tongue      ||    48
       Throw Flame       ||    23
       Conjure Flame     ||     1
  Eat: Chunk             ||     4
Armor: Robe              ||     3
Dodge: Dodged            ||    22
